 Dungeon Crawl Stone Soup version 0.26.0-16-gc1dbca0489 (webtiles) character file.

Game seed: 12799899288662990685

81 BOMJPIETVODKU the Ruffian (level 4, -8/36 HPs)
             Began as a Draconian Transmuter on Jan 19, 2021.
             Killed from afar by an orc wizard (10 damage)
             ... with a puff of flame
             ... on level 3 of the Dungeon.
             The game lasted 00:06:13 (1696 turns).

BOMJPIETVODKU the Ruffian (Draconian Transmuter)    Turns: 1696, Time: 00:06:14

Health: -8/36      AC:  5    Str: 10 (12) XL:     4   Next: 20%
Magic:  7/7        EV: 12    Int: 12 (15) God:
Gold:   73         SH:  0    Dex:  9 (11) Spells: 4/7 levels left

rFire    . . .     SeeInvis .     - Unarmed
rCold    . . .     Faith    .   (no shield)
rNeg     . . .     Spirit   .   (armour unavailable)
rPois    .         Reflect  .   (helmet restricted)
rElec    .         Harm     .   (no cloak)
rCorr    .         Rampage  .   (no gloves)
Will     .....                  (no boots)
Stlth    +.........             (no amulet)
HPRegen  0.12/turn              d - ring of fire
MPRegen  0.10/turn              f - ring of ice

@: mighty, wereblooded (expiring), hasted, very quick
A: unfitting armour, cold-blooded, AC +5
a: no special abilities


You were on level 3 of the Dungeon.
You visited 1 branch of the dungeon, and saw 3 of its levels.

You collected 73 gold pieces.

Inventory:

Jewellery
 d - a ring of fire (left hand)
 f - a ring of ice (right hand)
Scrolls
 c - a scroll of identify {unknown}
 e - a scroll of amnesia {unknown}
 i - a scroll of teleportation {unknown}
Potions
 a - a potion of degeneration


   Skills:
 * Level 1.8 Fighting
 + Level 2.3 Dodging
 + Level 0.4 Stealth
 + Level 3.7 Unarmed Combat
 + Level 2.4 Spellcasting
 + Level 2.5 Transmutations


You had 4 spell levels left.
You knew the following spells:

 Your Spells              Type           Power        Failure   Level
a - Beastly Appendage     Tmut           14%          10%         1
b - Wereblood             Tmut           7%           14%         2

Your spell library contained the following spells:

 Spells                   Type           Power        Failure   Level
 Spider Form              Tmut/Pois      2%           43%         3
 Ice Form                 Ice/Tmut       6%           83%         4
 Blade Hands              Tmut           3%           95%         5


Dungeon Overview and Level Annotations

Branches:
Dungeon (2/15)

Altars:
Ru


Innate Abilities, Weirdness & Mutations

Your plain brown scales are hard. (AC +5)
You cannot fit into any form of body armour.
You are cold-blooded and may be slowed by cold attacks.


Message History

You are too injured to fight recklessly!
You are too injured to fight recklessly!
You closely miss something. Something hits you.
* * * LOW HITPOINT WARNING * * *
You punch something! Something barely misses you.
You closely miss something. Something hits you but does no damage.
It was a potion of magic.
Magic courses through your body.
You hear some strange, mumbled words.
A puff of flame appears from out of thin air!
The puff of flame hits you.
* * * LOW HITPOINT WARNING * * *
It was a potion of haste.
You feel yourself speed up.
You howl as the wereblood boils in your veins!
Something hits you but does no damage.
You howl as the wereblood boils in your veins!
You howl as the wereblood boils in your veins!
Your primal bloodlust is almost over.
A puff of flame appears from out of thin air!
The puff of flame hits you!
You die...

....######...._#.....#
....# #...#####...#
....## #.....#.....#
.....## ##.....#.....##
......###..###+#+###..#
....#.##...#...#...#..#
.......#...#.......#..#
####......####...####.#
# ######..#....@..#..#
. #..#.......#..# .
##...####.#..## # #####
#...## . ##{.# #o##
.###########.#
........lo...#
.....#.g#####


You could see an orc.

Vanquished Creatures
  An orc wizard (D:3)
  An ooze (D:1)
  2 worms
  A dart slug (D:1)
  2 leopard geckos (D:1)
  An orc (D:3)
  6 bats
  4 giant cockroaches
  2 goblins (D:1)
  4 hobgoblins
  3 jackals (D:1)
  A quokka (D:2)
  A frilled lizard (D:2)
  2 kobolds (D:1)
  6 rats
37 creatures vanquished.

Vanquished Creatures (others)
  4 plants (D:1)
4 creatures vanquished.

Grand Total: 41 creatures vanquished

Notes
Turn   | Place    | Note
-------+----------+-------------------------------------------
     0 | D:1      | BOMJPIETVODKU the Draconian Transmuter began the quest for
                  | the Orb.
     0 | D:1      | Reached XP level 1. HP: 16/16 MP: 3/3
   190 | D:1      | Reached XP level 2. HP: 20/23 MP: 5/5
   741 | D:1      | Reached XP level 3. HP: 26/28 MP: 6/6
   744 | D:1      | Learned a level 2 spell: Wereblood
  1571 | D:2      | You fall into a shaft and drop 1 floor!
  1586 | D:3      | Found a sacrificial altar of Ru.
  1682 | D:3      | Reached XP level 4. HP: 8/36 MP: 4/7
  1687 | D:3      | HP: 1/36 [something/puff of flame (5)]
  1696 | D:3      | Killed from afar by an orc wizard

Illustrated notes

Levels and vault maps discovered:
D:1:      mrwooster_arrival_statue_3, layout_basic, serial_bayou_pond_c
D:2:      layout_loops_ring
D:3:      layout_rooms, hangedman_ru_absence

Skill      XL: |  1  2 |
---------------+-------+-----
Dodging        | 2 |  2.3
Fighting       | |  1.8
Stealth        | |  0.4
Unarmed Combat | |  3.7
Spellcasting   | |  2.4
Transmutations | |  2.5

Action                   |  1- 3 |  4- 6 || total
-------------------------+-------+-------++-------
Melee: Unarmed           |   138 |     3 ||   141
       Kick              |    14 |       ||    14
       Tailslap          |    12 |       ||    12
       Headbutt          |     2 |       ||     2
 Cast: Beastly Appendage |    13 |       ||    13
       Wereblood         |     2 |       ||     2
  Use: Potion            |       |     4 ||     4
 Stab: Sleeping          |     1 |       ||     1
Armor: Skin              |    44 |     2 ||    46
Dodge: Dodged            |   105 |     1 ||   106
